 Dungeon Crawl Stone Soup version 0.28.0-53-g5a82cb258f (webtiles) character file.

Game seed: 7134432860261378770

2349 Peloso the Carver (level 9, -1/78 HPs)
             Began as a Minotaur Fighter on June 6, 2022.
             Was a Believer of Okawaru.
             Slain by a black bear (2 damage)
             ... on level 7 of the Dungeon.
             The game lasted 00:07:09 (5946 turns).

Peloso the Carver (Minotaur Fighter)                Turns: 5946, Time: 00:07:09

Health: -1/78      AC: 12    Str: 23    XL:     9   Next: 20%
Magic:  6/8        EV: 11    Int:  5    God:    Okawaru [**....]
Gold:   309        SH:  7    Dex: 12    Spells: 8/8 levels left

rFire   . . .      SeeInvis .   a - +0 long sword
rCold   . . .      Faith    .   c - +1 buckler
rNeg    . . .      Spirit   .   u - +0 chain mail
rPois   .          Reflect  .   (helmet restricted)
rElec   .          Harm     .   (no cloak)
rCorr   .          Rampage  .   (no gloves)
Will    .....                   (no boots)
Stlth   ..........              (no amulet)
HPRegen 0.23/turn               (no ring)
MPRegen 0.11/turn               (no ring)

@: heroic
A: horns 2, retaliatory headbutt
a: Renounce Religion, Heroism


You were on level 7 of the Dungeon.
You worshipped Okawaru.
Okawaru was pleased with you.
You visited 2 branches of the dungeon, and saw 8 of its levels.

You collected 309 gold pieces.

Inventory:

Hand Weapons
 a - a +0 long sword (weapon)
Armour
 b - a +0 scale mail
 c - a +1 buckler (worn)
 u - a +0 chain mail (worn)
Jewellery
 g - a ring of wizardry
 i - a ring of flight
 m - a ring of ice
 r - a ring of see invisible
 s - an amulet of the acrobat
 x - a +4 ring of evasion
 y - a ring of fire
Wands
 f - a wand of polymorph (6)
 k - a wand of mindburst (8)
 n - a wand of acid (4)
Scrolls
 e - a scroll of teleportation {unknown}
 h - 4 scrolls of amnesia
 j - a scroll of enchant armour
 l - a scroll of fog
 q - a scroll of fear {unknown}
 t - 2 scrolls of identify
 w - a scroll of summoning {unknown}
Potions
 d - a potion of might
 o - 2 potions of flight
 p - a potion of brilliance {unknown}
 v - a potion of curing {unknown}


   Skills:
 + Level 6.9(11.9) Fighting
 + Level 9.7(14.7) Long Blades
 + Level 8.2(13.2) Armour
 + Level 3.4(8.4) Dodging
 + Level 1.1(6.1) Stealth
 + Level 5.7(10.7) Shields
 + Level 0.2 Invocations
 + Level 0.3 Evocations


You had 8 spell levels left.
You didn't know any spells.
Your spell library contained the following spells:

 Spells                   Type           Power      Damage    Failure   Level
 Foxfire                  Conj/Fire      0%         2x1d4     97%         1
 Sting                    Tmut/Pois      0%         1d3       97%         1
 Ensorcelled Hibernation  Hex/Ice        0%         N/A       99%         2
 Passwall                 Tmut/Erth      0%         N/A       99%         2
 Poisonous Vapours        Pois/Air       0%         N/A       99%         2
 Conjure Flame            Conj/Fire      0%         6-21      100%        3
 Ignite Poison            Fire/Tmut/Pois 0%         N/A       100%        3
 Inner Flame              Hex/Fire       0%         N/A       100%        3
 Swiftness                Air            0%         N/A       100%        3
 Anguish                  Hex/Necr       0%         N/A       100%        4
 Flame Wave               Conj/Fire      0%         2d4       100%        4
 Olgreb's Toxic Radiance  Pois           0%         N/A       100%        4
 Sticky Flame             Conj/Fire      0%         2d3       100%        4
 Enfeeble                 Hex            0%         N/A       100%        7
 Tukima's Dance           Hex            Unusable   N/A       N/A         3

Dungeon Overview and Level Annotations

Branches:
Dungeon (7/15)             Temple (1/1) D:4

Altars:
Gozag
Hepliaklqana
Kikubaaqudgha
Okawaru
Qazlal
Ru
Trog
Uskayaw
Xom


Innate Abilities, Weirdness & Mutations

You have a pair of horns on your head.
You reflexively headbutt those who attack you in melee.


Message History

You completely miss the centaur.
The centaur is severely wounded.
The centaur barely misses you.
The centaur kicks you but does no damage.
The steam dragon bites you. The steam dragon closely misses you.
You block the black bear's attack. The black bear claws you.
The black bear claws you but does no damage.
You gain the combat prowess of a mighty hero.
The centaur misses you. You furiously retaliate!
You headbutt the centaur!
You kill the centaur!
Okawaru accepts your kill. The steam dragon breathes steam at you.
The ball of steam misses you.
The black bear bites you but does no damage.
The black bear claws you but does no damage.
The black bear claws you.
Found 20 stones.
The steam dragon breathes steam at you. The ball of steam misses you.
The black bear bites you.
* * * LOW HITPOINT WARNING * * *
You block the black bear's attack. The black bear claws you.
* * * LOW HITPOINT WARNING * * *
Things that are here:
a +0 shortbow; 19 arrows; a centaur corpse You slash the steam dragon!
You headbutt the steam dragon, but do no damage.
The steam dragon is severely wounded.
You are engulfed in a cloud of scalding steam.
The steam dragon breathes steam at you. The ball of steam hits you!
* * * LOW HITPOINT WARNING * * *
Okay, then.
Okay, then.
You hit the steam dragon.
The steam dragon is severely wounded.
You are engulfed in a cloud of scalding steam.
* * * LOW HITPOINT WARNING * * *
The black bear completely misses you. You block the black bear's attack.
The black bear claws you.
You die...

. ##.)... ... .## ######
..# ..# # #.# #.# ## #.#
#.##########.
###.###.##......... .
...)............##
....####§##......#######
......§@.......### #
..!....Dh...)#.# #
........$....#.#
......$........#
.............###
.............#
(............#
#........(...#


You could see a steam dragon and a black bear.

Vanquished Creatures
  A two-headed ogre (D:7)
  2 water moccasins
  An ice beast (D:6)
  2 necrophages (D:7)
  2 ogres
  3 centaurs
  A phantom (D:6)
  4 bullfrogs
  A hound (D:5)
  A bullfrog skeleton (D:6)
  5 orc priests
  Natasha (twice) (D:2)
  4 iguanas
  2 orc wizards
  A hound skeleton (D:4)
  2 adders (D:4)
  3 gnolls (D:3)
  2 ufetubi
  5 dart slugs
  10 orcs
  5 ball pythons
  6 endoplasms
  3 giant cockroaches
  4 goblins
  4 hobgoblins
  5 quokkas
  3 bats
  2 frilled lizards
  4 kobolds
  4 rats
94 creatures vanquished.

Notes
Turn   | Place    | Note
-------+----------+-------------------------------------------
     0 | D:1      | Peloso the Minotaur Fighter began the quest for the Orb.
     0 | D:1      | Reached XP level 1. HP: 19/19 MP: 0/0
   103 | D:1      | Reached XP level 2. HP: 27/27 MP: 1/1
   123 | D:1      | Found a faded altar of an unknown god.
   702 | D:2      | Noticed Natasha
   708 | D:2      | Killed Natasha
   709 | D:2      | Reached skill level 3 in Long Blades
   709 | D:2      | Reached XP level 3. HP: 26/33 MP: 2/2
  1267 | D:2      | Noticed Natasha
  1272 | D:2      | Killed Natasha
  1273 | D:2      | Reached XP level 4. HP: 25/40 MP: 3/3
  1808 | D:3      | Reached skill level 4 in Long Blades
  1808 | D:3      | Reached skill level 5 in Armour
  1808 | D:3      | Reached XP level 5. HP: 37/47 MP: 4/4
  2458 | D:4      | Found a sacrificial altar of Ru.
  2458 | D:4      | Noticed an ogre
  2462 | D:4      | Killed an ogre
  2463 | D:4      | Reached skill level 5 in Long Blades
  2463 | D:4      | Reached XP level 6. HP: 13/53 MP: 5/5
  2467 | D:4      | HP: 1/53 [bullfrog (7)]
  3052 | D:4      | Found a staircase to the Ecumenical Temple.
  3071 | Temple   | Entered the Ecumenical Temple
  3138 | Temple   | Became a worshipper of Warmaster Okawaru
  3311 | D:5      | Entered Level 5 of the Dungeon
  3328 | D:5      | Reached skill level 6 in Long Blades
  3328 | D:5      | Reached skill level 1 in Dodging
  3524 | D:5      | Noticed a water moccasin
  3549 | D:5      | Killed a water moccasin
  3550 | D:5      | Reached skill level 5 in Fighting
  3550 | D:5      | Reached XP level 7. HP: 26/61 MP: 6/6
  4288 | D:6      | Reached skill level 7 in Long Blades
  4298 | D:6      | Reached * piety under Okawaru
  4684 | D:6      | Reached skill level 1 in Stealth
  4684 | D:6      | Reached XP level 8. HP: 66/68 MP: 7/7
  4691 | D:6      | Reached skill level 5 in Shields
  4939 | D:6      | Reached skill level 8 in Long Blades
  5519 | D:7      | Reached ** piety under Okawaru
  5679 | D:7      | Noticed a two-headed ogre
  5694 | D:7      | Killed a two-headed ogre
  5695 | D:7      | Reached skill level 9 in Long Blades
  5695 | D:7      | Reached XP level 9. HP: 28/78 MP: 5/8
  5946 | D:7      | HP: 1/78 [steam dragon] (6)]
  5946 | D:7      | Slain by a black bear

Illustrated notes

Levels and vault maps discovered:
D:1:      psy_arrival_terrarium, layout_basic,
          shapermc_ecumenical_altar_notcrosses, grunt_decor_fettered
D:2:      layout_loops_corners, uniq_natasha
D:3:      layout_rooms, minmay_strange_pillars
D:4:      layout_gridville, nicolae_ru_sacrificial_ziggurat,
          minmay_temple_entry_wispy
D:5:      layout_cave_pools, minmay_misc_feat_enclosed
D:6:      layout_basic
D:7:      layout_rooms, minitemple, uniq_harold
Temple:   hc_temple_tempest_star

Skill      XL: |  1  2  3  4  5  6  7  8 |
---------------+-------------------------+-----
Armour         | 4 5 6 7 8 |  8.2
Shields        | 4 5 |  5.7
Fighting       | 4 5 6 |  6.9
Long Blades    | 3 4 5 6 7 9 |  9.7
Dodging        | 1 2 3 |  3.4
Stealth        | 1 |  1.1
Invocations    | |  0.2
Evocations     | |  0.3

Action                   |  1- 3 |  4- 6 |  7- 9 || total
-------------------------+-------+-------+-------++-------
Melee: Long sword        |    45 |    86 |   122 ||   253
       Headbutt          |     7 |    13 |    21 ||    41
Invok: Heroism           |       |       |     2 ||     2
Evoke: Wand              |       |       |     3 ||     3
  Use: Scroll            |       |     3 |       ||     3
       Potion            |       |     3 |       ||     3
Armor: Scale mail        |    16 |    38 |    29 ||    83
       Chain mail        |       |       |    23 ||    23
Dodge: Dodged            |    27 |    36 |    87 ||   150
Block: Buckler           |    12 |    16 |    43 ||    71
